 Dungeon Crawl Stone Soup version 0.17-a0-1910-g4c791fa (webtiles) character file.

15634 Appriser the Summoner (level 12, -6/87 HPs)
             Began as a Vampire Summoner on Sept 25, 2015.
             Was a High Priest of Sif Muna.
             Mangled by a spiny frog (14 damage)
             ... on level 6 of the Lair of Beasts on Sept 26, 2015.
             The game lasted 01:45:58 (15794 turns).

Appriser the Summoner (Vampire Summoner)           Turns: 15794, Time: 01:45:59

Health: -6/87      AC:  8    Str:  7    XL:     12   Next: 3%
Magic:  15/22      EV: 16    Int: 22    God:    Sif Muna [*****.]
Gold:   1040       SH:  0    Dex: 15    Spells: 5 memorised, 9 levels left

rFire  . . .     SeeInvis +     b - staff of summoning
rCold  . . .     Clarity  .     m - +0 robe
rNeg   . . .     SustAt   .     (no shield)
rPois  +         Gourm    .     s - +0 helmet
rElec  .         Spirit   .     j - +1 cloak
rCorr  +         Warding  +     e - +0 pair of gloves
rMut   .         Stasis   .     D - +1 pair of boots
MR     +....                    i - amulet of resist corrosion
Stlth  +++.......               J - ring of flight
                                w - ring of poison resistance

@: lethally poisoned (-6 -> -26), flying, regenerating quickly, somewhat
resistant to hostile enchantments, fairly stealthy
A: fangs 3, see invisible, unbreathing
a: Channel Energy, Forget Spell, Renounce Religion, Stop Flying


You were on level 6 of the Lair of Beasts.
You worshipped Sif Muna.
Sif Muna was extremely pleased with you.
You were full.

You visited 3 branches of the dungeon, and saw 16 of its levels.
You also visited: Labyrinth.

You collected 1040 gold pieces.

Inventory:

Hand weapons
 a - a +1 dagger of protection
 S - a +2 short sword of venom
Armour
 e - a +0 pair of gloves (worn)
 j - a +1 cloak (worn)
 m - a +0 robe (worn)
 s - a +0 helmet (worn)
 D - a +1 pair of boots (worn)
Magical staves
 b - an uncursed staff of summoning (weapon)
 d - an uncursed staff of air
Jewellery
 i - an amulet of resist corrosion (around neck)
 t - an uncursed amulet of resist mutation
 u - an uncursed amulet of stasis {unknown}
 w - a ring of poison resistance (left hand)
 x - a cursed ring of teleportation {unknown}
 J - a ring of flight (right hand)
 N - an uncursed amulet of the gourmand {unknown}
Magical devices
 z - a wand of fire (5)
 C - a wand of draining (7)
 E - a wand of digging (12)
 H - a wand of paralysis (14)
 M - a wand of random effects (20)
 R - a wand of draining (4)
Scrolls
 c - a scroll of amnesia
 k - 6 scrolls of remove curse
 l - 7 scrolls of teleportation
 o - 5 scrolls of fog
 r - 3 scrolls of enchant weapon
 y - a scroll of recharging
 A - a scroll of blinking {unknown}
 K - a scroll of acquirement {unknown}
 L - a scroll of vulnerability {unknown}
Potions
 f - 2 potions of invisibility
 g - 2 potions of cancellation
 h - 4 potions of flight
 n - 5 potions of might
 p - 2 potions of resistance
 q - 5 potions of brilliance
 v - 6 potions of curing
 B - 2 potions of magic
 F - a potion of poison {unknown}
 G - 29 potions of blood
Books
 I - a book of Unlife

   Spells                             Type                      Level
   a - Recall                         Summoning/Translocation      3
   b - Animate Dead                   Necromancy                   4
   c - Control Undead                 Necromancy                   4
   d - Cigotuvi's Embrace             Necromancy                   5
   e - Death Channel                  Necromancy                   6
   f - Simulacrum                     Ice/Necromancy               6
 O - a book of Beasts

   Spells                             Type                      Level
   a - Summon Butterflies             Summoning                    1
   b - Call Canine Familiar           Summoning                    3
   c - Summon Ice Beast               Ice/Summoning                4
   d - Summon Mana Viper              Hexes/Summoning              5
   e - Summon Hydra                   Summoning                    7
 T - a book of Callings

   Spells                             Type                      Level
   a - Summon Small Mammal            Summoning                    1
   b - Call Imp                       Summoning                    2
   c - Call Canine Familiar           Summoning                    3
   d - Summon Guardian Golem          Hexes/Summoning              3
   e - Summon Lightning Spire         Summoning/Air                4
   f - Summon Ice Beast               Ice/Summoning                4
Miscellaneous
 V - an ornate deck of summoning


   Skills:
 + Level 5.7 Fighting
 + Level 6.8 Short Blades
 + Level 7.1 Dodging
 - Level 5.1 Stealth
 * Level 6.9 Spellcasting
 + Level 0.4 Hexes
 * Level 13.3 Summonings
 + Level 5.6 Invocations


You had 9 spell levels left.
You knew the following spells:

 Your Spells              Type           Power        Failure   Level  Hunger
b - Call Canine Familiar  Summ           #######.     1%          3    None
c - Summon Lightning Spi  Summ/Air       ######..     8%          4    ###....
d - Summon Ice Beast      Ice/Summ       ######..     8%          4    ###....
e - Summon Guardian Gole  Hex/Summ       ######..     1%          3    None
s - Summon Butterflies    Summ           #######.     1%          1    None


Dungeon Overview and Level Annotations

Branches:
Dungeon (9/15)             Temple (1/1) D:5            Lair (6/8) D:9
  Swamp (0/4) Lair:5       Spider (0/4) Lair:6
  Slime: Lair:6-8       Orc: D:9-12

Altars:
Ashenzari
Cheibriados
Dithmenos
Elyvilon
Fedhas
Gozag
Kikubaaqudgha
Makhleb
Nemelex Xobeh
Okawaru
Qazlal
Ru
Sif Muna
Trog
Vehumet
Xom
Yredelemnul
Zin
The Shining One

Annotations:
D:5 cireshan's ghost, experienced DECj


Innate Abilities, Weirdness & Mutations

Your natural rate of healing is unusually fast.
You have razor-sharp teeth.
You have supernaturally acute eyesight.
You can survive without breathing.


Message History

You are poisoned.
The spiny frog poisons you!
You feel less protected.
b - an uncursed staff of summoning (weapon)
You feel sick.
Casting: Summon Lightning Spire
Confirm with . or Enter, or press ? or * to list all spells.
You feel a surge of power!
A guardian golem appears, shielding your allies.
You feel sick. The spiny frog stings you! The spiny frog stings you!!
* * * LOW HITPOINT WARNING * * *
Unknown command.
Use which ability?
You feel very buoyant.
You fly up into the air.
You feel somewhat less full.
You feel sick. The spiny frog stings you!
* * * LOW HITPOINT WARNING * * *
You are lethally poisoned!
The spiny frog poisons you! The spiny frog stings you!
You die...

#.#P####......# ##.P....
.......#....### #### #.......
............########..####.......
............##..≈≈≈#.............
...............≈≈≈.≈≈≈...........
.......#..P#..≈.≈≈.≈≈.≈........%.
..........##..≈≈.≈.≈.≈≈....†..%..
..............÷≈≈8..≈≈≈....###...
..##..##...##...@F>........#.#P..
#.##..........≈≈≈F..≈≈≈....P.....
###....[..###.≈≈8≈.≈.≈≈....PP....
##...#..## #.≈.H≈.≈≈.≈...§.§.>..
##.P...#.###P..≈≈≈.≈≈≈....§§.....
#........#.##..............§§....
#P....#.....#....................
##.#..#....................#†.P..
#....##.....................##...


You could see a hippogriff, 2 spiny frogs and a friendly lightning spire.

Vanquished Creatures
  Erica (D:8)
  Pikel (D:6)
  A spiny frog (Lair:4)
  A blink frog (Lair:4)
  Sigmund (D:4)
  2 hippogriffs
  2 hungry ghosts (Lab)
  A wolf (Lair:3)
  3 water moccasins
  An ice beast (D:8)
  2 slaves (D:6)
  3 crocodiles
  A centaur (D:9)
  Blork the orc (D:6)
  7 giant frogs
  A scorpion (D:9)
  A wight (D:9)
  4 hounds
  A jelly (D:7)
  2 iguanas
  3 worker ants
  2 sheep (Lair:4)
  A hound zombie (D:4)
  2 hound skeletons (D:8)
  7 adders
  6 gnolls
  3 shadow imps
  8 river rats
  3 oozes (D:8)
  An adder zombie (D:6)
  3 giant geckos
  9 orcs
  5 bats
  5 giant cockroaches
  3 goblins
  2 hobgoblins
  4 jackals (D:9)
  3 giant newts
  2 jackal skeletons
  3 kobolds
  A quokka (D:6)
  6 rats
119 creatures vanquished.

Vanquished Creatures (collateral kills)
  A minotaur (Lab)
  Snorg (Lair:5)
  The ghost of FurryRage the Fighter, a powerful MiBe of Trog (D:9)
  4 hydras
  3 death yaks (Lair:6)
  Urug (Lair:4)
  An oklob plant (Lair:4)
  2 black mambas (Lair:5)
  Joseph (Lair:1)
  4 spiny frogs
  A fire drake (Lair:6)
  The ghost of Loris the Archer, an experienced HEHu of Okawaru (D:4)
  5 komodo dragons
  19 blink frogs
  A two-headed ogre (D:8)
  12 yaks
  4 basilisks (Lab)
  2 wolves (Lair:3)
  2 hippogriffs
  9 water moccasins
  5 orc warriors
  2 ice beasts
  2 porcupines (Lair:4)
  8 spiders (Lair:6)
  A necrophage (D:8)
  2 sky beasts
  A slave (D:6)
  A phantom (D:8)
  7 ogres
  4 crocodiles
  3 giant frogs
  A scorpion (D:5)
  A gnoll sergeant (D:9)
  4 wights (D:9)
  5 crimson imps
  5 jellies (D:8)
  A giant frog zombie (D:6)
  5 orc wizards
  4 orc priests
  2 centaur skeletons
  4 iguanas
  A worker ant (D:5)
  14 sheep (Lair:4)
  A hound zombie (D:7)
  8 gnolls
  6 adders
  A worker ant zombie (D:9)
  41 river rats
  2 oozes (D:8)
  An adder skeleton (D:5)
  23 orcs
  5 goblins
  3 hobgoblins (D:1)
  5 kobolds
  A bat (D:1)
  A giant cockroach (D:1)
  2 giant geckos
  2 giant newts
  A rat (D:1)
  2 fungi
  A plant (Lair:5)
264 creatures vanquished.

Vanquished Creatures (others)
  4 fungi (Lair:4)
  3 plants
7 creatures vanquished.

Grand Total: 390 creatures vanquished

Notes
Turn   | Place    | Note
--------------------------------------------------------------
     0 | D:1      | Appriser the Vampire Summoner began the quest for the Orb.
     0 | D:1      | Reached XP level 1. HP: 13/13 MP: 3/3
   158 | D:1      | Reached XP level 2. HP: 8/19 MP: 0/5
  1459 | D:2      | Found a basalt altar of Yredelemnul.
  1785 | D:2      | Reached XP level 3. HP: 24/24 MP: 6/6
  1790 | D:2      | Learned a level 3 spell: Call Canine Familiar
  2030 | D:2      | Found a snail-covered altar of Cheibriados.
  2124 | D:3      | Found a radiant altar of Vehumet.
  2398 | D:3      | Reached XP level 4. HP: 28/30 MP: 7/7
  2466 | D:3      | Found a burning altar of Makhleb.
  2466 | D:3      | Noticed a balrug
  2469 | D:3      | Noticed a hellwing
  2469 | D:3      | Noticed a ynoxinul
  2543 | D:3      | Reached skill level 5 in Stealth
  2633 | D:3      | Reached skill level 5 in Summonings
  2741 | D:3      | Reached XP level 5. HP: 35/35 MP: 9/9
  2955 | D:4      | Noticed Loris's ghost (experienced HEHu)
  3024 | D:4      | Killed Loris's ghost
  3024 | D:4      | Reached XP level 6. HP: 16/41 MP: 1/11
  3171 | D:4      | Reached skill level 6 in Summonings
  3253 | D:4      | Noticed Sigmund
  3267 | D:4      | Killed Sigmund
  3342 | D:4      | Reached XP level 7. HP: 41/46 MP: 13/13
  3479 | D:5      | Entered Level 5 of the Dungeon
  3516 | D:5      | Found a staircase to the Ecumenical Temple.
  3524 | Temple   | Entered the Ecumenical Temple
  3664 | Temple   | Became a worshipper of Sif Muna the Loreminder
  3895 | D:5      | Noticed cireshan's ghost (experienced DECj)
  4053 | D:5      | Reached skill level 7 in Summonings
  4278 | D:5      | Learned a level 4 spell: Summon Lightning Spire
  4705 | D:5      | Learned a level 4 spell: Summon Ice Beast
  5479 | D:6      | Noticed Blork the orc
  5493 | D:6      | Killed Blork the orc
  5493 | D:6      | Acquired Sif Muna's first power
  5493 | D:6      | Reached skill level 8 in Summonings
  5985 | D:6      | Noticed Pikel
  6003 | D:6      | Killed Pikel
  6003 | D:6      | Reached skill level 9 in Summonings
  6003 | D:6      | Reached XP level 8. HP: 37/52 MP: 12/14
  6731 | D:6      | Acquired Sif Muna's second power
  6940 | D:7      | Reached skill level 10 in Summonings
  6993 | D:7      | Found an ancient bone altar of Kikubaaqudgha.
  6993 | D:7      | Found an iron altar of Okawaru.
  7262 | D:7      | Learned a level 3 spell: Summon Guardian Golem
  7345 | D:7      | Found a sparkling altar of Nemelex Xobeh.
  7457 | D:7      | Reached skill level 1 in Short Blades
  7826 | D:7      | HP: 1/53 [orc/whip of venom (6)]
  8054 | D:8      | Noticed a two-headed ogre
  8073 | D:8      | Killed a two-headed ogre
  8152 | D:8      | Identified Ryph's Tome of Stones
  8154 | D:8      | Noticed Erica
  8199 | D:8      | Killed Erica
  8199 | D:8      | Reached skill level 1 in Fighting
  8199 | D:8      | Reached skill level 1 in Invocations
  8199 | D:8      | Reached XP level 9. HP: 37/59 MP: 15/15
  8247 | D:8      | Reached skill level 11 in Summonings
  8545 | D:8      | Found a glowing golden altar of the Shining One.
  8890 | D:9      | Found a staircase to the Lair.
  9525 | D:9      | Reached XP level 10. HP: 24/70 MP: 9/16
  9578 | D:9      | Noticed FurryRage's ghost (powerful MiBe)
  9647 | D:9      | Killed FurryRage's ghost
  9647 | D:9      | Reached skill level 5 in Dodging
  9923 | Lair:1   | Entered Level 1 of the Lair of Beasts
 10047 | Lair:1   | Noticed Joseph
 10193 | Lair:1   | Killed Joseph
 10516 | Lair:1   | Reached skill level 5 in Short Blades
 10516 | Lair:1   | Reached skill level 12 in Summonings
 11078 | Lair:2   | Found a labyrinth entrance.
 11087 | Lab      | Entered a labyrinth
 11485 | Lab      | Noticed a minotaur
 11509 | Lab      | Killed a minotaur
 11544 | Lair:2   | Learned a level 1 spell: Summon Butterflies
 11849 | Lair:2   | Acquired Sif Muna's third power
 12314 | Lair:3   | Reached XP level 11. HP: 78/78 MP: 16/18
 12407 | Lair:3   | Identified a +0 rod of destruction (11/11) (You found it on level 3 of the Lair of Beasts)
 13156 | Lair:4   | Reached skill level 5 in Spellcasting
 13279 | Lair:4   | Noticed Urug
 13302 | Lair:4   | Killed Urug
 13302 | Lair:4   | Reached skill level 5 in Fighting
 13436 | Lair:4   | Noticed an eight-headed hydra
 13447 | Lair:4   | Killed an eight-headed hydra
 13771 | Lair:4   | Noticed a four-headed hydra
 13778 | Lair:4   | Killed a four-headed hydra
 13778 | Lair:4   | Reached skill level 5 in Invocations
 13814 | Lair:4   | Noticed an eight-headed hydra
 13820 | Lair:4   | Killed an eight-headed hydra
 14463 | Lair:5   | Reached skill level 13 in Summonings
 14710 | Lair:5   | Found a staircase to the Swamp.
 14958 | Lair:5   | Noticed Snorg
 15004 | Lair:5   | Killed Snorg
 15216 | Lair:6   | Noticed a fire crab
 15261 | Lair:6   | Noticed a death yak
 15389 | Lair:6   | Noticed a death yak
 15394 | Lair:6   | Noticed a death yak
 15405 | Lair:6   | Killed a death yak
 15409 | Lair:6   | Killed a death yak
 15480 | Lair:6   | Noticed a death yak
 15562 | Lair:6   | Killed a death yak
 15587 | Lair:6   | Noticed a four-headed hydra
 15601 | Lair:6   | Killed a four-headed hydra
 15601 | Lair:6   | Reached XP level 12. HP: 58/87 MP: 11/22
 15699 | Lair:6   | Found a hole to the Spider Nest.
 15794 | Lair:6   | Mangled by a spiny frog

Vault maps used:
D:1:      dpeg_arrival_solitude
D:2:      lemuel_coloured_pillars_altar, lemuel_crystal_altar
D:3:      wad_woods_tower, vehumet_altar_wand_db, first_bread,
          makhleb_altar_promises_db
D:4:      uniq_sigmund
D:5:      minmay_temple_entry_hall, kennysheep_nondescript
D:6:      uniq_blork_the_orc, uniq_pikel
D:7:      gammafunk_temple_overflow_wave, nemelex_deck,
          kennysheep_generic_room_2
D:8:      tso_oasis_becter, hangedman_little_slice_of_home, uniq_erica
D:9:      lair_0_dummy, nicolae_sextant
Temple:   eino_narrow_crystal_temple_a_12
Lair:1:   st_stairs_5, minmay_stone_trees_medium, uniq_joseph
Lair:2:   lab_entry_generic
Lair:3:   infiniplex_staircase_pool, grunt_megastairs_4, lemuel_fruit_fields,
          lemuel_fruit_tree
Lair:4:   grunt_megastairs_3, uniq_urug
Lair:5:   swamp_mist, lemuel_fruit_fields, bh_autumn_forest_stairs, uniq_snorg
Lair:6:   spider_nest_entry_a, beast_lair_carwin_1
Lab:      labyrinth_watery, nicolae_lab_big_swirl, nicolae_lab_blocks,
          nicolae_lab_quarters, labyrinth_skeletal_remains, nicolae_lab_grate,
          nicolae_lab_stuck, lab_hedge, nicolae_lab_x, nicolae_lab_swirl

Action                   |  1- 3 |  4- 6 |  7- 9 | 10-12 || total
-------------------------+-------+-------+-------+-------++-------
Melee: Dagger            |   112 |   203 |   625 |   234 ||  1174
       Staff             |       |       |       |     2 ||     2
 Cast: Summon Small Mamm |    36 |       |       |       ||    36
       Call Canine Famil |     3 |     6 |    32 |    27 ||    68
       Summon Lightning  |       |       |    23 |    52 ||    75
       Summon Ice Beast  |       |       |     2 |    46 ||    48
       Summon Guardian G |       |       |       |    40 ||    40
       Summon Butterflie |       |       |       |     3 ||     3
Invok: Channel Energy    |       |       |     6 |   182 ||   188
 Abil: End Transformatio |       |       |     2 |     1 ||     3
       Bat Form          |       |       |     2 |     1 ||     3
       Evoke Flight      |       |       |       |     1 ||     1
Evoke: Wand              |       |       |       |     1 ||     1
  Use: Scroll            |     5 |       |    10 |    15 ||    30
       Potion            |     4 |       |    12 |    39 ||    55
 Stab: Sleeping          |    10 |     6 |    25 |     9 ||    50
       Distracted        |       |       |     4 |     4 ||     8
       Invisible         |       |       |       |     1 ||     1
  Eat: Corpse            |     5 |     7 |     4 |       ||    16
